 Dungeon Crawl Stone Soup version 0.32-a0-995-gb4a59205af (webtiles) character file.

Game seed: 12422200957507807334

199 protoss039 the Digger (level 5, 0/39 HPs)
             Began as a Demonspawn Earth Elementalist on Apr 22, 2024.
             Was an Initiate of Vehumet.
             Slain by Duvessa
             ... wielding a +0 rapier
              (7 damage)
             ... on level 4 of the Dungeon.
             The game lasted 00:07:10 (3273 turns).

protoss039 the Digger (DsEE)                        Turns: 3273, Time: 00:07:11

Health: 0/39       AC:  4    Str:  8    XL:     5   Next: 48%
Magic:  9/9        EV: 11    Int: 18    God:    Vehumet [......]
Gold:   160        SH:  0    Dex: 13    Spells: 2/9 levels left

rFire   + . .        b - +0 dagger
rCold   + . .        (no shield)
rNeg    . . .        a - +0 robe
rPois   +            (no helmet)
rElec   +            (no cloak)
rCorr   +            (no gloves)
SInv    .            e - +1 pair of boots
Will    .....        (no amulet)
Stlth   +            (no ring)
HPRegen 0.26/turn    (no ring)
MPRegen 0.11/turn

%: no passive effects
@: silenced, resistant, hasted, very quick
A: powered by death 1, demonic touch 1
a: Renounce Religion


You were on level 4 of the Dungeon.
You worshipped Vehumet.
Vehumet was noncommittal.
You visited 2 branches of the dungeon, and saw 5 of its levels.

You collected 160 gold pieces.

Inventory:

Hand Weapons
 b - a +0 dagger (weapon)
Armour
 a - a +0 robe (worn)
 e - a +1 pair of boots (worn)
Jewellery
 l - a ring of fire
Talismans
 j - a dragon-blood talisman
Wands
 s - a wand of roots (15)
Scrolls
 f - a scroll of identify
 i - a scroll of enchant armour
 o - a scroll of immolation
 t - a scroll of fear {unknown}
Potions
 c - a potion of lignification
 g - a potion of curing {unknown}
 k - a potion of brilliance
 m - a potion of mutation {unknown}
 n - a potion of heal wounds {unknown}
 q - a potion of invisibility {unknown}
 r - a potion of degeneration {unknown}


   Skills:
 + Level 2.3 Fighting
 * Level 0.0 Armour
 * Level 2.6 Dodging
 * Level 1.7 Stealth
 + Level 2.9 Spellcasting
 * Level 2.3 Conjurations
 + Level 3.5 Earth Magic
 * Level 0.0 Evocations


You had 2 spell levels left.
You knew the following spells:

 Your Spells              Type           Power      Damage    Failure   Level
a - Sandblast             Erth           30%        2d9       3%          1
b - Passwall              Erth           15%        N/A       12%         3
c - Stone Arrow           Conj/Erth      26%        3d8       14%         3

Your spell library contained the following spells:

 Spells                   Type           Power      Damage    Failure   Level
 Magic Dart               Conj           44%        1d5       6%          1
 Blink                    Tloc           4%         N/A       26%         2
 Call Imp                 Summ           4%         N/A       26%         2
 Brom's Barrelling Bould  Conj/Erth      13%        2d4       43%         4
 Teleport Other           Tloc           2%         N/A       45%         3
 Volatile Blastmotes      Fire/Tloc      4%         2d10      45%         3
 Petrify                  Alch/Erth      8%         N/A       63%         4
 Vhi's Electric Charge    Tloc/Air       4%         N/A       86%         4
 Irradiate                Conj/Alch      3%         3d12      96%         5
 Dispersal                Tloc           1%         N/A       100%        6
 Gell's Gavotte           Tloc           1%         2d(11-17) 100%        6
 Fulsome Fusillade        Conj/Alch      3%         (3-5)d4   100%        8


Dungeon Overview and Level Annotations

Branches:
Dungeon (4/15) Zot: 20710  Temple (1/1) D:4 Zot: 5982

Altars:
Ashenzari
Dithmenos
Fedhas
Gozag
Hepliaklqana
Kikubaaqudgha
Makhleb
Nemelex Xobeh
Okawaru
Qazlal
Sif Muna
Trog
Vehumet
Wu Jian
Xom
Yredelemnul

Shops:
D:4 :

Annotations:
D:2 1 runed translucent door, Crazy Yiuf
D:4 Duvessa


Innate Abilities, Weirdness & Mutations

You regenerate a little health from kills.
Your touch may inflict minor irresistible damage on your foes.


Message History

a +0 flail; a +0 leather armour; an orc corpse You start resting.
You are no longer glowing.
There is an open door here.
You start resting.
Magic restored.
You start resting.
HP restored.
There is an open door here.
Things that are here:
a +0 flail; a +0 leather armour; an orc corpse
Okay, then.
Casting: Sandblast (safe; 3% risk of failure)
Confirm with . or Enter, or press ? or * to list all spells.
Okay, then.
Found a stone staircase leading up.
Duvessa shouts!
Duvessa goes berserk!
As you read the scroll labelled SAAG LOYMEOH, it crumbles to dust.
It is a scroll of enchant armour.
Your +0 pair of boots glows green for a moment.
As you read the scroll labelled SUMU HYTATTALI, it crumbles to dust.
The creatures around you are filled with an inner flame!
It was a scroll of immolation.
Duvessa hits you with a +0 rapier!
Unknown command.
As you read the scroll labelled AJOAFU FOSYSH, it crumbles to dust.
A profound silence engulfs you.
It was a scroll of silence.
Duvessa barely misses you. Duvessa hits you with a +0 rapier.
Unknown command.
Magic scrolls do not work when you're silenced!
You feel yourself speed up. Duvessa hits you with a +0 rapier!
* * * LOW HITPOINT WARNING * * *
Unknown command.
Duvessa attacks as she pursues you! Duvessa hits you with a +0 rapier.
* * * LOW HITPOINT WARNING * * *
Unknown command.
It was a potion of resistance.
You feel protected. Duvessa hits you with a +0 rapier!
You die...

######## #......#
#......#####
#.....†'...#
####.@...)###.########
#<....e.#...#.)...#...
#######.###.#####...##
....#..##.......
##...)..###.e>.##
###.#..# #....#
#.#..###..#.#
#.#...?...#...
#.#.......#.#.


You could see Duvessa (berserk, inner flame).

Vanquished Creatures
  Dowan (D:4)
  Ijyb (D:3)
  5 adders
  3 dart slugs
  3 orcs
  5 bats
  3 endoplasms (D:1)
  2 giant cockroaches
  5 goblins
  2 hobgoblins (D:1)
  6 jackals
  6 quokkas
  8 ball pythons
  6 frilled lizards
  10 kobolds
  5 rats
71 creatures vanquished.

Notes
Turn   | Place    | Note
-------+----------+-------------------------------------------
     0 | D:1      | protoss039 the Demonspawn Earth Elementalist began the
                  | quest for the Orb.
     0 | D:1      | Reached XP level 1. HP: 13/13 MP: 3/3
   228 | D:1      | Gained mutation: Your touch may inflict minor irresistible
                  | damage on your foes. [demonic ancestry]
   228 | D:1      | Reached XP level 2. HP: 20/20 MP: 3/5
   279 | D:1      | Reached skill level 1 in Fighting
   293 | D:1      | Reached skill level 3 in Earth Magic
   494 | D:1      | Reached XP level 3. HP: 26/26 MP: 1/6
   866 | D:1      | Learned a level 3 spell: Passwall
   870 | D:1      | Learned a level 3 spell: Stone Arrow
  1372 | D:2      | Gained mutation: You regenerate a little health from kills.
                  | [demonic ancestry]
  1372 | D:2      | Reached XP level 4. HP: 33/33 MP: 8/8
  1699 | D:2      | Found a runed translucent door.
  1700 | D:2      | Noticed Crazy Yiuf
  1977 | D:3      | Found a broken altar of Ashenzari.
  2691 | D:3      | Noticed Ijyb
  2735 | D:3      | Killed Ijyb
  3051 | D:4      | Found Ehaphuri's Book Boutique.
  3052 | D:4      | Noticed Duvessa
  3066 | D:4      | Reached XP level 5. HP: 27/38 MP: 2/9
  3153 | D:4      | Found a staircase to the Ecumenical Temple.
  3155 | D:4      | Noticed Dowan
  3163 | Temple   | Entered the Ecumenical Temple
  3171 | Temple   | Became a worshipper of Vehumet
  3190 | D:4      | Killed Dowan
  3273 | D:4      | Slain by Duvessa

Illustrated notes

Levels and vault maps discovered:
D:1:      mainiacjoe_arrival_oval_in_oval, layout_basic, grunt_decor_clamped,
          minmay_hexomino_c4
D:2:      layout_loops_ring, uniq_crazy_yiuf_cottage
D:3:      layout_basic, overflow_temple_1_default, uniq_ijyb
D:4:      layout_basic, eat_drink_and_be_merry_uskayaw,
          minmay_temple_entry_butterflies, serial_shops,
          nicolae_shop_advertising_works [nicolae_subvault_shop_adworks],
          uniq_duvessa
Temple:   nicolae_temple_bog_church

Skill      XL: |  1  2  3  4 |
---------------+-------------+-----
Fighting       | 1 2 |  2.3
Earth Magic    | 3 |  3.5
Dodging        | 2 |  2.6
Conjurations   | 2 |  2.3
Stealth        | |  1.7
Spellcasting   | |  2.9

Action                     |  1- 3 |  4- 6 || total
---------------------------+-------+-------++-------
  Melee: Mace              |     7 |       ||     7
         Unarmed           |     4 |       ||     4
         Touch             |     4 |     1 ||     5
         Dagger            |     7 |    43 ||    50
   Cast: Sandblast         |    53 |    53 ||   106
         Stone Arrow       |       |     3 ||     3
    Use: Potion            |     1 |     5 ||     6
         Scroll            |       |     5 ||     5
   Stab: Sleeping          |       |     2 ||     2
 Armour: Robe              |    44 |    40 ||    84
         Skin              |       |    33 ||    33
  Dodge: Dodged            |    32 |    26 ||    58

Table legend: (Time is in decaauts)
 A = Elapsed time spent in this place.
 B = Non-inter-level travel time spent in this place.
 C = Inter-level travel time spent in this place.
 D = Time resting spent in this place.
 E = Time spent auto-exploring this place.
 F = Levels seen in this place.
 G = Mean time per level.
                   A        B        C        D        E       F      G
               +--------+--------+--------+--------+--------+-----+--------+
         Total |   3306 |   3130 |    176 |    345 |   2198 |   5 |  661.2 |
       Dungeon |   3289 |   3127 |    162 |    345 |   2198 |   4 |  822.2 |
        Temple |     17 |      3 |     14 |      0 |      0 |   1 |   17.0 |
               +--------+--------+--------+--------+--------+-----+--------+

Top non-repeatable levels by time:
     D:3: 1035 daAuts
     D:2: 1016 daAuts
     D:1: 891 daAuts
     D:4: 345 daAuts
  Temple: 17 daAuts
